 Dungeon Crawl Stone Soup version 0.23-a0-208-gb6b040f (webtiles) character file.

238 grindst0ne the Skirmisher (level 5, 0/44 HPs)
             Began as a Mummy Fighter on Sept 25, 2018.
             Killed from afar by Natasha (2 damage)
             ... with a magic dart
             ... on level 3 of the Dungeon.
             The game lasted 00:04:32 (2254 turns).

grindst0ne the Skirmisher (Mummy Fighter)           Turns: 2254, Time: 00:04:33

Health: 0/44       AC:  6    Str: 22    XL:     5   Next: 78%
Magic:  5/5        EV:  7    Int:  7    God:
Gold:   100        SH: 11    Dex: 15    Spells: 4/4 levels left

rFire    x . .     SeeInvis .   a - +1 war axe
rCold    + . .     Gourm    .   c - +1 shield
rNeg     + + +     Faith    .   b - +0 scale mail
rPois    ∞         Spirit   .   (no helmet)
rElec    .         Reflect  .   (no cloak)
rCorr    .         Harm     .   (no gloves)
MR       .....                  (no boots)
Stlth    ..........             (no amulet)
HPRegen  0.14/turn              d - +2 ring of strength
MPRegen  0.09/turn              j - +3 ring of dexterity

@: slowed, very slow
A: no food or potions, fire vulnerability, cold resistance 1, negative energy
resistance 3, torment resistance, unbreathing
a: no special abilities


You were on level 3 of the Dungeon.
You were not hungry.

You visited 1 branch of the dungeon, and saw 4 of its levels.

You collected 100 gold pieces.

Inventory:

Hand Weapons
 a - a +1 war axe (weapon)
Armour
 b - a +0 scale mail (worn)
 c - a +1 shield (worn)
 k - a +0 pair of boots
Jewellery
 d - a +2 ring of strength (left hand)
 j - a +3 ring of dexterity (right hand)
Scrolls
 e - 3 scrolls of remove curse
 f - 2 scrolls of identify
 g - a scroll of noise
 l - 2 scrolls of magic mapping


   Skills:
 + Level 5.0 Fighting
 - Level 1.5 Axes
 - Level 2.4 Armour
 + Level 4.2 Shields


You had 4 spell levels left.
You didn't know any spells.
Your spell library was empty.

Dungeon Overview and Level Annotations

Branches:
Dungeon (4/15)
 Temple: D:4-7

Altars:

Annotations:
D:2 Sigmund
D:3 Natasha
D:4 Dowan


Innate Abilities, Weirdness & Mutations

You do not eat or drink.
Your flesh is vulnerable to fire.
You are immune to poison.
Your flesh is cold resistant. (rC+)
You are immune to negative energy. (rN+++)
You are immune to unholy pain and torment.
You can survive without breathing.


Message History

Natasha claws you.
* * * LOW HITPOINT WARNING * * *
As you read the scroll labeled EDEUZE RIOTO, it crumbles to dust.
It is a scroll of enchant weapon.
Your +0 war axe glows red for a moment.
Natasha claws you.
* * * LOW HITPOINT WARNING * * *
As you read the scroll labeled LENIDW NISSA, it crumbles to dust.
It is a scroll of enchant armour.
Your +0 shield glows green for a moment.
Natasha claws you.
* * * LOW HITPOINT WARNING * * *
Natasha stares at you and mumbles some strange words.
You feel yourself slow down.
You aren't carrying any items that you can evoke.
Okay, then.
You can't drink.
Okay, then.
Natasha casts a spell at you. The magic dart hits you!
You die...

####.### #.....# #......#####.###
### #.##.#..).##.# #..
#.##.#.###.#.# #.# #######
#.##....###..#### #.# ......#
#.###...........# #.# .####.#
#.##..(.#....##.###.#
.####.#######..........#........#
...........<.###@##.....#.#.#####
.##...######.# #.##..5>###..# #
..#...# #.# #h####!..#...#####
......# ####.###.#####.#.#####...
####.## #........5.55.....# #.##
####.# #.##.##.#######...# #.##
.....####.##.##.# #...# #.#
#<........##....## #...# #†#
#.........####...######...####.##


You could see Natasha and a white imp.

Vanquished Creatures
  Duvessa (D:4)
  A hound skeleton (D:2)
  7 adders
  A dart slug (D:1)
  3 leopard geckos
  2 orcs
  2 bats
  3 giant cockroaches
  6 goblins
  9 hobgoblins
  2 quokkas (D:2)
  A ball python (D:2)
  4 frilled lizards
  7 kobolds
  7 rats
56 creatures vanquished.

Notes
Turn   | Place    | Note
-------+----------+-------------------------------------------
     0 | D:1      | grindst0ne the Mummy Fighter began the quest for the Orb.
     0 | D:1      | Reached XP level 1. HP: 18/18 MP: 1/1
   260 | D:1      | Reached XP level 2. HP: 24/24 MP: 2/2
   793 | D:2      | Reached XP level 3. HP: 16/29 MP: 3/3
  1038 | D:2      | Reached skill level 4 in Fighting
  1048 | D:2      | Reached XP level 4. HP: 36/37 MP: 4/4
  1278 | D:2      | Noticed Sigmund
  2194 | D:4      | Reached XP level 5. HP: 43/43 MP: 5/5
  2208 | D:4      | Noticed Natasha
  2208 | D:4      | Noticed Duvessa
  2208 | D:4      | Noticed Dowan
  2232 | D:4      | Killed Duvessa
  2232 | D:4      | Reached skill level 5 in Fighting
  2247 | D:3      | HP: 1/44 [Natasha (3)]
  2254 | D:3      | Killed from afar by Natasha

Vault maps used:
D:1:      minmay_arrival_five_plusses, grunt_decor_clamped
D:2:      first_ration, uniq_sigmund
D:4:      nicolae_gozag_seed_capital, nicolae_overflow_hidden_temple,
          guppyfry_shop_venom, uniq_crazy_yiuf_cottage, uniq_robin, uniq_pikel,
          uniq_natasha, uniq_duvessa

Skill      XL: |  1  2  3  4  5 |
---------------+----------------+-----
Shields        | 3 4 |  4.2
Fighting       | 4 5 |  5.0
Axes           | |  1.5
Armour         | |  2.4

Action                   |  1- 3 |  4- 6 || total
-------------------------+-------+-------++-------
Melee: War axe           |   111 |   110 ||   221
  Use: Scroll            |       |     5 ||     5
Armor: Scale mail        |    58 |    37 ||    95
Dodge: Dodged            |    40 |    24 ||    64
Block: Shield            |    69 |    79 ||   148

Table legend:
 A = Non-vault XP
 B = Vault XP
 C = Vault XP percentage of total XP
 D = Non-vault monster count
 E = Vault monster count
 F = Vault count percentage of total count
                 A         B        C        D         E       F
            +---------+---------+-------+---------+---------+-------
      Total |     198 |     142 |  41.8 |      55 |       1 |   1.8
            +---------+---------+-------+---------+---------+-------
        D:1 |      31 |       0 |   0.0 |      18 |       0 |   0.0
        D:2 |     101 |       0 |   0.0 |      22 |       0 |   0.0
        D:3 |      63 |       0 |   0.0 |      14 |       0 |   0.0
        D:4 |       3 |     142 |  97.9 |       1 |       1 |  50.0
            +---------+---------+-------+---------+---------+-------
